 Dungeon Crawl Stone Soup version 0.27-a0-1196-g3e9cee4cb2 (webtiles) character file.

Game seed: 3955960779350951690

36 trashsensei the Skirmisher (level 3, -1/33 HPs)
             Began as a Hill Orc Fighter on May 28, 2021.
             Was an Initiate of Hepliaklqana.
             Slain by an adder (2 damage)
             ... on level 2 of the Dungeon.
             The game lasted 00:12:00 (1533 turns).

trashsensei the Skirmisher (Hill Orc Fighter)       Turns: 1533, Time: 00:12:00

Health: -1/33      AC:  7    Str: 19    XL:     3   Next: 37%
Magic:  3/3        EV:  4    Int:  8    God:    Hepliaklqana [......]
Gold:   20         SH:  9    Dex: 10    Spells: 0/2 levels left

rFire    . . .     SeeInvis .   a - +0 long sword
rCold    . . .     Faith    .   c - +0 kite shield
rNeg     . . .     Spirit   .   b - +0 scale mail
rPois    .         Reflect  .   (no helmet)
rElec    .         Harm     .   (no cloak)
rCorr    .         Rampage  .   (no gloves)
Will     .....                  (no boots)
Stlth    ..........             (no amulet)
HPRegen  0.11/turn              (no ring)
MPRegen  0.08/turn              (no ring)

@: lethally poisoned (-1 -> -2), constricted
A: no striking features
a: Renounce Religion


You were on level 2 of the Dungeon.
You worshipped Hepliaklqana.
Hepliaklqana was noncommittal.
You visited 1 branch of the dungeon, and saw 2 of its levels.

You collected 20 gold pieces.

Inventory:

Hand Weapons
 a - a +0 long sword (weapon)
 f - a +0 club
Armour
 b - a +0 scale mail (worn)
 c - a +0 kite shield (worn)
Scrolls
 i - a scroll of teleportation {unknown}
 j - a scroll of identify {unknown}
 m - a scroll of vulnerability {unknown}
Potions
 d - a potion of might
 e - a potion of heal wounds {unknown}
 g - 2 potions of haste {unknown}
 h - 2 potions of mutation {unknown}
 k - a potion of curing {unknown}
 l - a potion of degeneration {unknown}


   Skills:
 + Level 4.0 Fighting
 + Level 2.8 Long Blades
 + Level 3.8 Armour
 + Level 0.1 Dodging
 + Level 3.7 Shields


You couldn't memorise any spells.
You knew the following spells:

 Your Spells              Type           Power      Damage    Failure   Level
a - Wereblood             Tmut           0%         N/A       100%        2

Your spell library contained the following spells:

 Spells                   Type           Power      Damage    Failure   Level
 Beastly Appendage        Tmut           0%         N/A       99%         1
 Foxfire                  Conj/Fire      0%         2x1d4     99%         1
 Magic Dart               Conj           0%         1d3       99%         1
 Spider Form              Tmut/Pois      0%         N/A       100%        3
 Ice Form                 Ice/Tmut       0%         N/A       100%        4
 Bolt of Magma            Conj/Fire/Erth 0%         4d4       100%        5
 Hydra Form               Tmut           0%         N/A       100%        5
 Lightning Bolt           Conj/Air       0%         1d11      100%        5


Dungeon Overview and Level Annotations

Branches:
Dungeon (2/15)

Altars:
Hepliaklqana


Message History

The adder completely misses you. You block the worm's attack.
The ball python barely misses you. The ball python constricts you.
You slash the worm!
The worm is almost dead.
You feel sick. You block the adder's attack.
The ball python bites you but does no damage.
The ball python constricts you. You block the adder's attack.
The worm bites you.
You hit the worm.
You kill the worm!
You feel sick.
You are no longer poisoned.
The adder bites you.
You are poisoned.
The adder poisons you! The ball python bites you.
The ball python constricts you.
The ball python bites you but does no damage.
The ball python constricts you. You block the adder's attack.
You are too injured to fight recklessly!
You are too injured to fight recklessly!
You are too injured to fight recklessly!
You escape the ball python's grasp.
You feel sick. The adder bites you but does no damage.
The ball python barely misses you. The ball python grabs you.
The ball python constricts you. The adder bites you.
* * * LOW HITPOINT WARNING * * *
You see here a worm corpse.
You closely miss the ball python.
You feel sick.
The ball python bites you but does no damage.
The ball python constricts you. You block the adder's attack.
The ball python bites you.
* * * LOW HITPOINT WARNING * * *
The ball python constricts you. You block the adder's attack.
You closely miss the ball python.
* * * LOW HITPOINT WARNING * * *
You feel sick. You block the ball python's attack.
The ball python constricts you. You block the adder's attack.
You barely miss the ball python.
* * * LOW HITPOINT WARNING * * *
You feel sick. The adder bites you.
You die...

##### #######...# #
#.........# #
#.........#########
#....._.....##...##
#>S.........''.....
#.@........)##.....
.......S#####....##.....
##......#........#####..
#......#........# ###
#......#.....####
#......####### #......#
####...#


You could see an adder and a ball python.

Vanquished Creatures
  A worm (D:2)
  2 endoplasms (D:1)
  2 giant cockroaches (D:1)
  6 goblins
  4 hobgoblins (D:1)
  2 quokkas
  5 ball pythons (D:1)
  2 bats (D:1)
  A kobold (D:1)
  6 rats (D:1)
31 creatures vanquished.

Notes
Turn   | Place    | Note
-------+----------+-------------------------------------------
     0 | D:1      | trashsensei the Hill Orc Fighter began the quest for the
                  | Orb.
     0 | D:1      | Reached XP level 1. HP: 19/19 MP: 1/1
   120 | D:1      | Reached XP level 2. HP: 23/27 MP: 2/2
   671 | D:1      | Reached XP level 3. HP: 28/33 MP: 3/3
   723 | D:1      | Reached skill level 4 in Fighting
   743 | D:1      | Learned a level 2 spell: Wereblood
  1363 | D:2      | Found a faded altar of an unknown god.
  1385 | D:2      | Identified the Almanac of the Blaze and Confrontation
  1475 | D:2      | Found a hazy altar of Hepliaklqana.
  1511 | D:2      | Became a worshipper of Hepliaklqana the Forgotten
  1533 | D:2      | HP: 1/33 [poisoned by an adder]
  1533 | D:2      | Slain by an adder

Illustrated notes

Levels and vault maps discovered:
D:1:      lemuel_arrival_hallway, layout_basic
D:2:      layout_basic, shapermc_ecumenical_altar_notcrosses, basic_altar,
          serial_curves, eino_curves_01, eino_curves_03, eino_curves_04,
          eino_curves_04, minmay_pentomino_t4

Skill      XL: |  1  2  3 |
---------------+----------+-----
Fighting       | 4 |  4.0
Long Blades    | |  2.8
Armour         | |  3.8
Dodging        | |  0.1
Shields        | |  3.7

Action                   || total
-------------------------++-------
Melee: Long sword        ||   101
Armor: Scale mail        ||    71
Dodge: Dodged            ||    49
Block: Kite shield       ||    76
       Rpst.: Long sword ||    14

Table legend: (Time is in decaauts)
 A = Elapsed time spent in this place.
 B = Non-inter-level travel time spent in this place.
 C = Inter-level travel time spent in this place.
 D = Time resting spent in this place.
 E = Time spent auto-exploring this place.
 F = Levels seen in this place.
 G = Mean time per level.
                   A        B        C        D        E       F      G
               +--------+--------+--------+--------+--------+-----+--------+
         Total |   1583 |   1583 |      0 |    395 |    412 |   2 |  791.5 |
       Dungeon |   1583 |   1583 |      0 |    395 |    412 |   2 |  791.5 |
               +--------+--------+--------+--------+--------+-----+--------+

Top non-repeatable levels by time:
     D:1: 1280 daAuts
     D:2: 303 daAuts
